 Dungeon Crawl Stone Soup version 0.32-a0-128-g77eb882913 (webtiles) character file.

Game seed: 863325000127677839

142 Dittersdorf the Covered (level 5, -3/33 HPs)
             Began as a Gargoyle Fighter on Feb 7, 2024.
             Slain by a ribbon worm (6 damage)
             ... on level 4 of the Dungeon.
             The game lasted 00:02:36 (2794 turns).

Dittersdorf the Covered (Gargoyle Fighter)          Turns: 2794, Time: 00:02:37

Health: -3/33      AC: 14    Str: 22    XL:     5   Next: 25%
Magic:  5/5        EV:  9    Int:  8    God:
Gold:   146        SH:  4    Dex:  9    Spells: 4/4 levels left

rFire   . . .        a - +0 flail (drain)
rCold   . . .        c - +0 buckler
rNeg    + . .        b - +0 scale mail
rPois   ∞            (no helmet)
rElec   +            (no cloak)
rCorr   .            p - +1 pair of gloves
SInv    .            s - +0 pair of boots
Will    .....        (no amulet) Stlth
                     (no ring)
HPRegen 0.25/turn    (no ring)
MPRegen 0.09/turn

%: no passive effects
@: no status effects
A: sickness immunity, AC +4, negative energy resistance 1, electricity
resistance, torment resistance 1, petrification resistance
a: no special abilities


You were on level 4 of the Dungeon.
You visited 1 branch of the dungeon, and saw 4 of its levels.

You collected 146 gold pieces.

Inventory:

Hand Weapons
 a - a +0 flail of draining (weapon)
Armour
 b - a +0 scale mail (worn)
 c - a +0 buckler (worn)
 p - a +1 pair of gloves (worn)
 r - a +0 plate armour
 s - a +0 pair of boots (worn)
Wands
 m - a wand of mindburst (8)
Scrolls
 i - a scroll of enchant weapon {unknown}
 o - a scroll of teleportation
 q - a scroll of silence {unknown}
 u - a scroll of identify {unknown}
 v - a scroll of fear {unknown}
 w - a scroll of fog {unknown}
 x - a scroll of noise {unknown}
Potions
 d - a potion of might
 g - 2 potions of degeneration {unknown}
 h - a potion of heal wounds {unknown}
 j - 3 potions of mutation {unknown}
 l - 2 potions of haste {unknown}
 n - 2 potions of attraction {unknown}
 t - a potion of brilliance {unknown}


   Skills:
 + Level 4.2 Fighting
 + Level 3.0 Maces & Flails
 + Level 4.2 Armour
 + Level 4.2 Shields


You had 4 spell levels left.
You didn't know any spells.
Your spell library was empty.

Dungeon Overview and Level Annotations

Branches:
Dungeon (4/15)             Temple (0/1) D:4

Altars:
Sif Muna
Wu Jian


Innate Abilities, Weirdness & Mutations

You are immune to sickness and miasma.
Your stone body is resilient. (AC +4)
You are immune to poison.
You resist negative energy. (rN+)
You are resistant to electric shocks. (rElec)
You are resistant to unholy torment.
You are immune to petrification.


Message History

You hit the phantom but do no damage.
The phantom is moderately damaged.
The phantom hits you but does no damage.
You closely miss the phantom.
The phantom is moderately damaged.
The phantom hits you.
The phantom blinks!
You blink.
An endoplasm comes into view.
You block the phantom's attack.
The endoplasm quivers.
You block the phantom's attack.
You closely miss the phantom.
The phantom is moderately damaged.
The phantom hits you but does no damage.
You closely miss the phantom.
The phantom is moderately damaged.
The phantom closely misses you.
The ribbon worm expels a string of sticky webbing.
The stream of webbing hits you but does no damage.
You are caught in a web!
You struggle to detach yourself from the web.
The phantom closely misses you. The endoplasm freezes you.
You are frozen.
The web tears apart.
The phantom hits you but does no damage.
The endoplasm freezes you.
You are frozen.
You barely miss the endoplasm. The phantom barely misses you.
The endoplasm freezes you.
You are frozen.
The endoplasm freezes you.
You are frozen.
* * * LOW HITPOINT WARNING * * *
The phantom hits you.
* * * LOW HITPOINT WARNING * * *
You barely miss the endoplasm.
The phantom hits you but does no damage.
The endoplasm hits you but does no damage.
The ribbon worm bites you.
You die...

####......## *.....,,,,,,,,,,,,,
###<.†....#####.....,,,,,,,,,,,,,
####.######.........,...,,,,,,,,,
####.#..............,...,,,,<*,,,
####.#.###w.............,,,*****,
###..#...#.###..........,,,,,,,,,
###.####.#.# #.####.#..#*********
###.#......###.w........,,,,*,,,,
###.#.##.##.....@J......,,,,,,,,,
.......#.........W......,,*,*,***
....#..#.>..............,,,,*,,,,
#####w.......######....#,,,,*,,,,
,,,,.........# *.##.#,,,,*,,,,
****##......## *,#*,#**,,*,,,,
*,,,......# *,*,,,**,,,,,,,
*,**#.....* *,*,,,***,,,,,, *,*
*.....* *,*,,,***,,,,,,


You could see a phantom, a ribbon worm and an endoplasm.

Vanquished Creatures
  A hound (D:4)
  6 adders
  5 orcs (D:3)
  6 endoplasms
  4 giant cockroaches
  3 goblins
  2 hobgoblins
  2 jackals (D:2)
  A quokka (D:2)
  5 ball pythons
  3 bats
  3 frilled lizards (D:3)
  6 kobolds
  8 rats
55 creatures vanquished.

Notes
Turn   | Place    | Note
-------+----------+-------------------------------------------
     0 | D:1      | Dittersdorf the Gargoyle Fighter began the quest for the
                  | Orb.
     0 | D:1      | Reached XP level 1. HP: 14/14 MP: 1/1
   264 | D:1      | Reached XP level 2. HP: 19/19 MP: 2/2
   686 | D:2      | Reached XP level 3. HP: 22/23 MP: 3/3
  1472 | D:2      | Reached XP level 4. HP: 29/29 MP: 4/4
  2284 | D:3      | Found a shimmering blue altar of Sif Muna.
  2295 | D:3      | Found an ornate altar of the Wu Jian Council.
  2555 | D:4      | Reached XP level 5. HP: 32/33 MP: 5/5
  2762 | D:4      | Noticed a phantom
  2794 | D:4      | Slain by a ribbon worm

Illustrated notes

Levels and vault maps discovered:
D:1:      minmay_arrival_floating_metal, layout_basic
D:2:      layout_basic, corexii_hall_statues_t, grunt_ministairs_7,
          dk_noncrumbling_2
D:3:      layout_loops_ring, lemuel_crystal_altar, mainiacjoe_overflow_alcove_1
D:4:      layout_basic, kennysheep_little_box,
          chequers_temple_overflow_minitemple, minmay_temple_entry_grid

Skill      XL: |  1  2  3  4 |
---------------+-------------+-----
Shields        | 4 |  4.2
Fighting       | 4 |  4.2
Armour         | 4 |  4.2
Maces & Flails | 3 |  3.0

Action                     |  1- 3 |  4- 6 || total
---------------------------+-------+-------++-------
  Melee: Flail             |   125 |    90 ||   215
    Use: Scroll            |       |     4 ||     4
 Armour: Scale mail        |   108 |    74 ||   182
  Dodge: Dodged            |    71 |    35 ||   106
  Block: Buckler           |    29 |    23 ||    52

Table legend: (Time is in decaauts)
 A = Elapsed time spent in this place.
 B = Non-inter-level travel time spent in this place.
 C = Inter-level travel time spent in this place.
 D = Time resting spent in this place.
 E = Time spent auto-exploring this place.
 F = Levels seen in this place.
 G = Mean time per level.
                   A        B        C        D        E       F      G
               +--------+--------+--------+--------+--------+-----+--------+
         Total |   2873 |   2640 |    233 |    138 |   1993 |   4 |  718.2 |
       Dungeon |   2873 |   2640 |    233 |    138 |   1993 |   4 |  718.2 |
               +--------+--------+--------+--------+--------+-----+--------+

Top non-repeatable levels by time:
     D:2: 1219 daAuts
     D:3: 814 daAuts
     D:1: 727 daAuts
     D:4: 111 daAuts
